Map: Cradle of Death

Players

HahaTTpro

  • Race: Protoss Protoss
  • Spawn Location: 0:00

Jordy

  • Race: Terran Terran

VOD

Have the link to the VOD?

Description

Time

  • Played on: July 7, 2023, 10:25 p.m.
  • Length: 7:44
Show
View Real Time Build Order
Export as new Build Order

HahaTTpro Protoss 

Build Orders:  

Get SALT Encoding   

  12  0:11  Unknown  
  12  0:13  Probe (Chrono Boost)  
  13  0:25  Probe (Chrono Boost)  
  14  1:05  Probe (Chrono Boost)  
  15  1:30  Pylon  
  15  1:35  Assimilator  
  15  1:42  Assimilator  
  15  1:57  Probe (Chrono Boost)  
  16  2:17  Pylon  
  16  2:45  Pylon  
  16  2:52  Forge  
  16  3:03  Gateway  
  16  3:06  Probe (Chrono Boost)  
  16  3:07  Gateway  
  17  3:21  Probe (Chrono Boost)  
  18  3:35  Probe (Chrono Boost)  
  19  4:02  Probe (Chrono Boost)  
  19  4:07  Pylon, Protoss Ground Weapons Level 1  
  20  4:17  Probe (Chrono Boost)  
  21  4:24  Pylon  
  21  4:37  Probe (Chrono Boost)  
  21  4:38  Photon Cannon  
  22  4:40  Photon Cannon  
  22  4:43  Photon Cannon  
  22  4:51  Probe (Chrono Boost)  
  23  5:18  Probe (Chrono Boost)  
  24  5:33  Probe (Chrono Boost)  
  25  5:40  Shield Battery  
  25  5:47  Unknown  
  25  5:49  Photon Cannon x2  
  28  5:52  Photon Cannon  
  28  5:54  Sentinel  
  28  5:56  Photon Cannon  
  28  5:58  Photon Cannon  
  30  6:13  Photon Cannon  
  30  6:17  Photon Cannon  
  27  6:41  Probe (Chrono Boost)  
  28  6:56  Probe (Chrono Boost)  
  29  7:03  Cybernetics Core  
Show
View Real Time Build Order
Export as new Build Order

Jordy Terran 

Build Orders:  

Get SALT Encoding   

  12  0:05  Starport Tech Lab  
  12  0:09  SCV  
  13  0:13  Unknown  
  13  0:24  SCV  
  14  0:33  Supply Depot  
  14  0:39  SCV  
  15  1:04  SCV  
  15  1:09  Assault Galleon  
  16  1:13  Assault Galleon  
  16  1:17  SCV  
  17  1:29  SCV  
  18  1:42  SCV  
  19  1:55  SCV  
  20  2:01  Assault Galleon  
  20  2:09  SCV  
  21  2:11  Assault Galleon  
  21  2:27  SCV  
  23  2:42  SCV  
  23  2:43  Supply Depot  
  23  2:47  Refinery  
  23  2:49  Refinery  
  23  2:56  SCV  
  24  3:02  Assault Galleon  
  24  3:26  SCV  
  25  3:36  Supply Depot  
  25  3:39  Reaper x2  
  28  3:40  SCV  
  28  3:55  SCV  
  29  4:06  Engineering Bay  
  29  4:07  Reaper  
  29  4:08  Reaper x2  
  33  4:10  SCV  
  33  4:18  Reaper x2  
  33  4:19  Reaper  
  36  4:33  Reaper x3  
  39  4:42  Jetpack Overdrive  
  37  5:00  SCV  
  36  5:15  SCV  
  37  5:29  SCV  
  38  5:31  Reaper x3  
  38  5:32  Reaper x2  
  38  5:39  LE9 Cluster Charges  
  43  5:43  Reaper x4  
  43  5:44  Reaper  
  43  5:47  Unknown  
  54  5:53  Reaper x2  
  56  6:17  Reaper x2  
  56  6:18  Reaper  
Tags
 
Add a new tag
Caveats
  • Supply blocks, unpowered buildings, or Contaminate may cause inaccurate times.
  • Supply counts are checked every 10 seconds.